 Dungeon Crawl Stone Soup version 0.18-a0-1643-gb89d9db (webtiles) character file.

1211 syage the Chopper (level 8, 0/64 HPs)
             Began as a Demonspawn Fighter on Mar 28, 2016.
             Was a Believer of Okawaru.
             Slain by an ogre
             ... wielding a +0 giant club
              (24 damage)
             ... on level 4 of the Dungeon.
             The game lasted 00:13:41 (3412 turns).

syage the Chopper (Demonspawn Fighter)              Turns: 3412, Time: 00:13:41

Health: 0/64       AC: 13    Str: 18    XL:     8   Next: 22%
Magic:  8/8        EV:  7    Int:  9    God:    Okawaru [**....]
Gold:   156        SH:  9    Dex: 14    Spells: 0 memorised, 7 levels left

rFire  . . .     SeeInvis .     C - +0 war axe (vamp)
rCold  . . .     Gourm    .     b - +0 scale mail
rNeg   . . .     Faith    .     c - +0 shield
rPois  .         Spirit   .     (helmet restricted)
rElec  .         Dismiss  .     j - +0 cloak
rCorr  .         Reflect  .     k - +0 pair of gloves
SustAt .         Harm     .     (no boots)
MR     +....                    o - amulet of regeneration
Stlth  ..........               (no ring)
                                m - ring of wizardry

@: somewhat resistant to hostile enchantments, extremely unstealthy
A: antennae 2, claws 1, yellow scales 2, magic resistance 1, powered by pain 2,
screaming 2
a: Heroism, Renounce Religion


You were on level 4 of the Dungeon.
You worshipped Okawaru.
Okawaru was pleased with you.
You were not hungry.

You visited 1 branch of the dungeon, and saw 5 of its levels.

You collected 156 gold pieces.

Inventory:

Hand Weapons
 a - a +0 war axe
 s - a +0 battleaxe
 C - a +0 vampiric war axe (weapon)
Armour
 b - a +0 scale mail (worn)
 c - a +0 shield (worn)
 j - a +0 cloak (worn)
 k - a +0 pair of gloves (worn)
 t - a -1 helmet
 v - a +2 robe of positive energy
Jewellery
 m - a ring of wizardry (left hand)
 o - an amulet of regeneration (around neck)
Wands
 x - a wand of polymorph (12/24)
 A - a wand of confusion (8/48)
Scrolls
 e - a scroll of teleportation
 h - a scroll of fog
 q - 3 scrolls of remove curse
 y - 2 scrolls of identify
Potions
 d - 2 potions of might
 g - 2 potions of brilliance {unknown}
 l - a potion of heal wounds
 n - a potion of degeneration {unknown}
 p - 3 potions of lignification {unknown}
 r - a potion of resistance {unknown}
 u - a potion of ambrosia {unknown}
 B - a potion of berserk rage {unknown}
Comestibles
 f - 2 bread rations
 i - 2 meat rations
 w - 7 fruits
 D - 2 chunks of flesh


   Skills:
 + Level 5.9 Fighting
 + Level 6.0 Axes
 + Level 5.6 Armour
 - Level 1.0 Dodging
 - Level 2.6 Shields


You had 7 spell levels left.
You didn't know any spells.

Dungeon Overview and Level Annotations

Branches:
Dungeon (5/15)
 Temple: D:4-7

Altars:
Cheibriados
Fedhas
Kikubaaqudgha
Okawaru
Zin


Innate Abilities, Weirdness & Mutations

You have sharp fingernails.
You are mostly covered in yellow scales (AC +3).
You sometimes gain power by taking damage.
You have a pair of antennae on your head.
You are resistant to hostile enchantments.
You sometimes yell uncontrollably at your foes.


Message History

It was a scroll of noise.
You hear a shout!
Items here: ) [[[ † a short sword; a leather armour; a ring mail x2; an orc corpse
There is an open door here.
An ogre comes into view. It is wielding a giant club.
The ogre shouts!
You slash the ogre!
The ogre is heavily wounded.
The ogre hits you with a giant club!!
You hit the ogre but do no damage.
The ogre is heavily wounded.
The ogre hits you with a giant club!!
You slash the ogre!
You feel better.
The ogre is almost dead.
The ogre hits you with a giant club.
Your shield and scale mail prevent you from hitting the ogre.
The ogre is severely wounded.
The ogre hits you with a giant club!!
You die...

#.# #.....# #. #.# ##...## #. ..#
##.## #. ### #.# #. # ..# #.# #.
# #.# ##'## ##. # #.# ##...## #..
# ###.#####.....## #.# ##
####....O@........## ##.#
.#######......###.........####...
................'.........'......
.#######.#....###.........####...
.# #......# #.......<## ##.# .#
#..#.#[# #.#.....## ##... .#
#......###.##...## #.... .#
##.#.......###'## #.... .#
#.######### #.# #.###


You could see an ogre.

Vanquished Creatures
  A sky beast (D:5)
  An orc warrior (D:4)
  2 ogres
  The ghost of 4thArraOfDagon the Chucker, a weakling OgHu (D:4)
  A scorpion (D:3)
  2 vampire bats (D:2)
  A howler monkey (D:4)
  A hound (D:4)
  2 orc priests (D:4)
  A jelly (D:5)
  4 orc wizards (D:4)
  Jessica (D:3)
  2 iguanas (D:4)
  4 worker ants
  7 gnolls (D:3)
  7 adders
  An ooze (D:3)
  An adder skeleton (D:4)
  4 worms
  4 dart slugs
  4 giant geckos
  6 orcs (D:4)
  8 bats
  4 bat skeletons (D:2)
  7 giant cockroaches
  7 goblins
  8 hobgoblins
  3 quokkas
  A giant newt (D:5)
  4 kobolds
  12 rats
112 creatures vanquished.

Vanquished Creatures (others)
  An orc wizard (D:4)
  2 bats (D:1)
3 creatures vanquished.

Grand Total: 115 creatures vanquished

Notes
Turn   | Place    | Note
--------------------------------------------------------------
     0 | D:1      | syage the Demonspawn Fighter began the quest for the Orb.
     0 | D:1      | Reached XP level 1. HP: 18/18 MP: 1/1
   102 | D:1      | Gained mutation: You sometimes gain a little power by taking damage. [demonic ancestry]
   102 | D:1      | Reached XP level 2. HP: 17/24 MP: 2/2
   188 | D:1      | Reached skill level 2 in Axes
   560 | D:1      | Gained mutation: You have sharp fingernails. [demonic ancestry]
   560 | D:1      | Reached XP level 3. HP: 29/29 MP: 3/3
   599 | D:1      | Reached skill level 1 in Dodging
   964 | D:2      | Found an ancient bone altar of Kikubaaqudgha.
   970 | D:2      | Gained mutation: You are partially covered in yellow scales (AC +2). [demonic ancestry]
   970 | D:2      | Reached XP level 4. HP: 35/37 MP: 4/4
  1075 | D:2      | Found a snail-covered altar of Cheibriados.
  1140 | D:2      | Reached skill level 3 in Axes
  1370 | D:3      | Reached XP level 5. HP: 42/42 MP: 5/5
  1521 | D:3      | Found a glowing silver altar of Zin.
  1521 | D:3      | Found an iron altar of Okawaru.
  1526 | D:3      | Became a worshipper of Warmaster Okawaru
  1685 | D:3      | Found a faded altar to an unknown god.
  1842 | D:3      | Noticed Jessica
  1859 | D:3      | Killed Jessica
  1859 | D:3      | Reached XP level 6. HP: 49/49 MP: 6/6
  2276 | D:3      | Found a blossoming altar of Fedhas.
  2411 | D:3      | Reached skill level 4 in Axes
  2725 | D:4      | Reached * piety under Okawaru
  2736 | D:4      | Gained mutation: You are mostly covered in yellow scales (AC +3). [demonic ancestry]
  2736 | D:4      | Reached XP level 7. HP: 36/55 MP: 7/7
  2919 | D:4      | Noticed 4thArraOfDagon's ghost (weakling OgHu)
  2938 | D:4      | Killed 4thArraOfDagon's ghost
  2938 | D:4      | Reached skill level 5 in Fighting
  2966 | D:4      | You fall through a shaft!
  2966 | D:5      | Entered Level 5 of the Dungeon
  2999 | D:5      | Reached skill level 5 in Armour
  3016 | D:5      | Reached skill level 5 in Axes
  3063 | D:5      | Gained mutation: You are resistant to hostile enchantments. [mutagenic meat]
  3064 | D:5      | Gained mutation: You have a pair of small antennae on your head. [mutagenic meat]
  3065 | D:5      | Gained mutation: You occasionally shout uncontrollably at your foes. [mutagenic meat]
  3066 | D:5      | Gained mutation: You have a pair of antennae on your head. [mutagenic meat]
  3067 | D:5      | Gained mutation: You sometimes yell uncontrollably at your foes. [mutagenic meat]
  3190 | D:4      | Gained mutation: You sometimes gain power by taking damage. [demonic ancestry]
  3190 | D:4      | Reached XP level 8. HP: 34/64 MP: 8/8
  3205 | D:4      | Reached ** piety under Okawaru
  3376 | D:4      | Reached skill level 6 in Axes
  3412 | D:4      | Slain by an ogre

Vault maps used:
D:1:      shiori_arrival_oz
D:2:      kennysheep_vampire_church, cheibriados_altar_1, serial_bayou_pond_b
D:3:      fedhas_altar_fruit_tree, gammafunk_temple_overflow_wave,
          gup_sewer_entry_bubbles, ecumenical_altar_2, uniq_jessica
D:5:      grunt_dithmenos_smoke_and_mirrors, serial_shops, shop, first_bread,
          serial_park_tiny_pond, uniq_edmund

Skill      XL: |  1  2  3  4  5  6  7  8 |
---------------+-------------------------+-----
Axes           | 2 3 4 5 6 |  6.0
Armour         | 3 4 5 |  5.6
Dodging        | 1 |  1.0
Fighting       | 4 5 |  5.9
Shields        | |  2.6

Action                   |  1- 3 |  4- 6 |  7- 9 || total
-------------------------+-------+-------+-------++-------
Melee: War axe           |   100 |   124 |     4 ||   228
       Battleaxe         |       |   119 |   149 ||   268
  Use: Scroll            |       |     5 |     1 ||     6
  Eat: Chunk             |       |     7 |     8 ||    15
       Bread ration      |       |       |     1 ||     1
